 Dungeon Crawl Stone Soup version 0.28-a0-823-gb444dcf96d (webtiles) character file.

Game seed: 1837983486393077388

51 bande the Covered (level 3, 20/24 HPs)
             Began as a Gargoyle Fighter on Nov 9, 2021.
             Quit the game on level 2 of the Dungeon.
             The game lasted 00:01:55 (1034 turns).

bande the Covered (Gargoyle Fighter)                Turns: 1034, Time: 00:01:55

Health: 20/24      AC: 15    Str: 20    XL:     3   Next: 81%
Magic:  3/3        EV:  7    Int:  8    God:
Gold:   17         SH:  4    Dex:  9    Spells: 2/2 levels left

rFire   . . .      SeeInvis .   a - +0 war axe
rCold   . . .      Faith    .   c - +0 buckler
rNeg    + . .      Spirit   .   f - +3 chain mail
rPois   ∞          Reflect  .   (no helmet)
rElec   +          Harm     .   (no cloak)
rCorr   .          Rampage  .   (no gloves)
Will    .....                   (no boots)
Stlth   ..........              (no amulet)
HPRegen 0.08/turn               (no ring)
MPRegen 0.08/turn               (no ring)

@: no status effects
A: sickness immunity, AC +3, negative energy resistance 1, electricity
resistance, torment resistance 1, petrification resistance, hooves 1,
deterioration 1
a: no special abilities


You were on level 2 of the Dungeon.
You visited 1 branch of the dungeon, and saw 2 of its levels.

You collected 17 gold pieces.

Inventory:

Hand Weapons
 a - a +0 war axe (weapon)
Armour
 c - a +0 buckler (worn)
 f - a +3 chain mail (worn)
Wands
 b - a wand of acid (7)
Potions
 d - a potion of might
 i - 2 potions of curing
 j - 2 potions of haste
 k - a potion of flight


   Skills:
 + Level 3.7 Fighting
 + Level 2.6 Axes
 + Level 3.7 Armour
 + Level 3.6 Shields


You had 2 spell levels left.
You didn't know any spells.
Your spell library was empty.

Dungeon Overview and Level Annotations

Branches:
Dungeon (2/15)

Altars:


Innate Abilities, Weirdness & Mutations

You are immune to sickness and miasma.
Your stone body is resilient. (AC +3)
You are immune to poison.
You resist negative energy. (rN+)
You are resistant to electric shocks. (rElec)
You are resistant to unholy torment.
You are immune to petrification.
You have large cloven feet.
Your body sometimes deteriorates upon taking damage.


Message History

As you read the scroll of identify, it crumbles to dust.
k - a potion of flight Terence hits you but does no damage.
You closely miss Terence. Terence hits you with a +0 mace.
Terence bares his teeth.
Terence closely misses you.
You hit Terence but do no damage. Terence hits you but does no damage.
You slash Terence!
Terence is heavily wounded.
You block Terence's attack. Terence hits you but does no damage.
You barely miss Terence.
Terence is heavily wounded.
Terence says, "Rest in peace."
You block Terence's attack.
You hit Terence but do no damage.
Terence is heavily wounded.
You block Terence's attack.
You hit Terence.
Terence is almost dead.
Terence hits you with a +0 mace. Terence barely misses you.
You hit Terence.
Terence is almost dead.
Terence hits you with a +0 mace.
You hit Terence.
You kill Terence!
No target in view!
No target in view!
No target in view!
No target in view!
No target in view!
Things that are here:
a +0 mace; a +0 scale mail; the human corpse of Terence
Found 22 arrows.
b - a wand of acid (7) Really quaff the potion of mutation?
You feel extremely strange.
You feel yourself wasting away.
Your feet thicken and deform.
Welcome back, bande the Gargoyle Fighter.
Press ? for a list of commands and other information.
Are you sure you want to abandon this character and quit the game? (Confirm with "yes".)

...................
...................
...................
.#....#....).......
.#....#...#........
..........#........
#######...#........
####...#........
#..@...#........
#......#........
#.........#........
.............(
.........#......
.........#......
.........#....##
.........#....#
........# ...#


There were no monsters in sight!

Vanquished Creatures
  Terence (D:2)
  A dart slug (D:1)
  3 endoplasms (D:1)
  A giant cockroach (D:1)
  2 hobgoblins (D:1)
  3 quokkas (D:1)
  2 ball pythons (D:1)
  3 bats (D:1)
  A frilled lizard (D:1)
  3 kobolds (D:1)
  4 rats (D:1)
24 creatures vanquished.

Notes
Turn   | Place    | Note
-------+----------+-------------------------------------------
     0 | D:1      | bande the Gargoyle Fighter began the quest for the Orb.
     0 | D:1      | Reached XP level 1. HP: 14/14 MP: 1/1
   114 | D:1      | Reached XP level 2. HP: 19/19 MP: 2/2
   811 | D:1      | Reached XP level 3. HP: 23/23 MP: 3/3
  1007 | D:2      | Noticed Terence
  1019 | D:2      | Killed Terence
  1032 | D:2      | Gained mutation: Your body sometimes deteriorates upon
                  | taking damage. [potion of mutation]
  1032 | D:2      | Gained mutation: You have large cloven feet. [potion of
                  | mutation]
  1034 | D:2      | Quit the game

Illustrated notes

Levels and vault maps discovered:
D:1:      ncdulo_lavacross, layout_basic, minmay_crystal_water, st_stairs_4,
          minmay_tetromino_o4
D:2:      layout_basic, basic_altar, basic_ecumenical_altar,
          minmay_shallow_snake_nest, uniq_terence

Skill      XL: |  1 |
---------------+----+-----
Axes           | 2 |  2.6
Fighting       | |  3.7
Armour         | |  3.7
Shields        | |  3.6

Action                   || total
-------------------------++-------
Melee: War axe           ||    60
  Use: Scroll            ||     6
       Potion            ||     1
Armor: Scale mail        ||    10
       Chain mail        ||    34
Dodge: Dodged            ||    22
Block: Buckler           ||    14

Table legend: (Time is in decaauts)
 A = Elapsed time spent in this place.
 B = Non-inter-level travel time spent in this place.
 C = Inter-level travel time spent in this place.
 D = Time resting spent in this place.
 E = Time spent auto-exploring this place.
 F = Levels seen in this place.
 G = Mean time per level.
                   A        B        C        D        E       F      G
               +--------+--------+--------+--------+--------+-----+--------+
         Total |   1058 |   1058 |      0 |      0 |    821 |   2 |  529.0 |
       Dungeon |   1058 |   1058 |      0 |      0 |    821 |   2 |  529.0 |
               +--------+--------+--------+--------+--------+-----+--------+

Top non-repeatable levels by time:
     D:1: 1023 daAuts
     D:2: 34 daAuts
